[ AOE2 MATCH · #507651643 ]
UnrankedTurks vs Japanese
Player's team · LOSS
Rival team · WIN
[ REPLAY ANALYSIS · EXTRACTED FROM THE RECORDED GAME ]
Feudal
9:12
Castle
26:01
Imperial
44:41
| APM avg | 46.6 |
| APM peak | 71 |
| eAPM avg | 22.3 |
| Villagers / military | 136 / 128 |
Focus
⚔️ 28.1% · 🌾 71.9%
Cavalry Archer ×66 · Skirmisher ×44 · Bombard Cannon ×7 · Archer ×6 · Scout Cavalry ×5
Feudal
9:07
Castle
21:32
Imperial
46:40
| APM avg | 67.8 |
| APM peak | 122 |
| eAPM avg | 35.0 |
| Villagers / military | 138 / 161 |
Focus
⚔️ 57.3% · 🌾 42.7%
Cavalry Archer ×118 · Archer ×31 · Militia ×7 · Spearman ×2 · Skirmisher ×2 · Monk ×1
Match map
Initial resources + every placement click. Lines = walls · curves = elevation contours. ◆ gold · ⬟ stone · ● berries · ✦ relic · ◌ wall gap
Your base· Open — 1t gap
Jeremy24k's base· Open — 5t gap
Smoothed initial terrain · ◌ = detected wall gap · hover for details
Inputs per minute
— baoquanghuy1605 - - Jeremy24k
Build order — baoquanghuy1605
First 150 of 463 actions detected
| 0:01 | Queue | Villager (Male) |
| 0:02 | Queue | Villager (Male) |
| 0:03 | Build | House |
| 0:07 | Build | House |
| 0:18 | Queue | Villager (Male) |
| 0:49 | Queue | Villager (Male) |
| 1:31 | Queue | Villager (Male) |
| 1:53 | Queue | Villager (Male) |
| 2:22 | Build | Lumber Camp |
| 2:36 | Queue | Villager (Male) |
| 2:37 | Queue | Villager (Male) |
| 3:11 | Build | House |
| 3:32 | Queue | Villager (Male) |
| 3:34 | Queue | Villager (Male) |
| 3:48 | Queue | Villager (Male) |
| 3:49 | Queue | Villager (Male) |
| 5:07 | Queue | Villager (Male) |
| 5:09 | Queue | Villager (Male) |
| 5:40 | Build | Barracks |
| 5:44 | Queue | Villager (Male) |
| 5:44 | Queue | Villager (Male) |
| 5:45 | Queue | Villager (Male) |
| 5:45 | Queue | Villager (Male) |
| 6:18 | Research | Loom |
| 6:29 | Build | House |
| 7:02 | Research | Feudal Age |
| 7:02 | Research | Feudal Age |
| 7:06 | Build | Mill |
| 7:53 | Build | House |
| 7:58 | Build | Palisade Wall |
| 8:45 | Build | Palisade Wall |
| 8:46 | Build | Palisade Wall |
| 9:12 | Age | Feudal Age |
| 9:12 | Queue | Villager (Male) |
| 9:14 | Queue | Villager (Male) |
| 9:22 | Build | Stable |
| 9:35 | Build | House |
| 9:54 | Build | House |
| 9:58 | Build | House |
| 10:04 | Build | House |
| 10:07 | Build | Palisade Wall |
| 10:13 | Queue | Scout Cavalry |
| 10:17 | Queue | Villager (Male) |
| 10:29 | Queue | Villager (Male) |
| 10:38 | Build | House |
| 10:42 | Build | House |
| 10:44 | Build | Palisade Wall |
| 10:44 | Build | Palisade Wall |
| 10:49 | Queue | Villager (Male) |
| 10:50 | Queue | Scout Cavalry |
| 10:57 | Build | House |
| 11:07 | Build | House |
| 11:16 | Queue | Villager (Male) |
| 11:24 | Queue | Scout Cavalry |
| 11:42 | Queue | Villager (Male) |
| 11:46 | Build | Archery Range |
| 11:49 | Queue | Scout Cavalry |
| 12:20 | Build | House |
| 12:34 | Queue | Villager (Male) |
| 12:43 | Queue | Skirmisher |
| 12:44 | Build | House |
| 12:51 | Build | Blacksmith |
| 12:55 | Queue | Villager (Male) |
| 13:05 | Research | Double-Bit Axe |
| 13:05 | Research | Double-Bit Axe |
| 13:25 | Queue | Skirmisher |
| 13:33 | Queue | Villager (Male) |
| 13:48 | Queue | Villager (Male) |
| 13:56 | Queue | Skirmisher |
| 14:02 | Research | Fletching |
| 14:02 | Research | Fletching |
| 14:26 | Queue | Skirmisher |
| 14:29 | Build | Archery Range |
| 14:34 | Queue | Scout Cavalry |
| 14:35 | Queue | Villager (Male) |
| 15:12 | Queue | Villager (Male) |
| 15:15 | Build | Mining Camp |
| 15:29 | Queue | Skirmisher |
| 15:30 | Queue | Skirmisher |
| 15:48 | Queue | Villager (Male) |
| 15:50 | Build | Farm |
| 15:51 | Build | Farm |
| 15:59 | Queue | Skirmisher |
| 16:00 | Queue | Skirmisher |
| 16:01 | Queue | Villager (Male) |
| 16:27 | Queue | Villager (Male) |
| 16:30 | Build | Farm |
| 16:31 | Build | Farm |
| 16:48 | Build | Mining Camp |
| 16:50 | Queue | Villager (Male) |
| 17:13 | Build | Mining Camp |
| 17:29 | Queue | Archer |
| 17:30 | Queue | Archer |
| 17:42 | Queue | Villager (Male) |
| 18:11 | Queue | Villager (Male) |
| 18:20 | Queue | Archer |
| 18:21 | Queue | Archer |
| 18:31 | Build | Farm |
| 18:32 | Build | Lumber Camp |
| 18:42 | Queue | Villager (Male) |
| 18:45 | Build | Watch Tower |
| 18:48 | Build | Palisade Wall |
| 18:48 | Build | Palisade Wall |
| 18:49 | Build | Palisade Wall |
| 18:50 | Build | Palisade Wall |
| 18:51 | Build | Palisade Wall |
| 18:58 | Build | Farm |
| 19:01 | Build | House |
| 19:03 | Build | House |
| 19:04 | Build | Palisade Wall |
| 19:12 | Research | Town Watch |
| 19:13 | Research | Town Watch |
| 19:14 | Queue | Archer |
| 19:15 | Queue | Archer |
| 19:17 | Build | Market |
| 19:33 | Build | Farm |
| 19:47 | Build | Watch Tower |
| 20:05 | Queue | Villager (Male) |
| 20:12 | Build | House |
| 20:13 | Build | House |
| 20:15 | Build | House |
| 20:17 | Build | House |
| 20:23 | Build | House |
| 20:24 | Build | House |
| 20:28 | Build | House |
| 20:39 | Build | House |
| 20:41 | Queue | Villager (Male) |
| 20:42 | Build | Watch Tower |
| 21:07 | Research | Wheelbarrow |
| 21:09 | Build | Farm |
| 21:11 | Build | Farm |
| 21:44 | Build | House |
| 21:59 | Build | Watch Tower |
| 22:41 | Build | House |
| 22:50 | Build | House |
| 22:51 | Build | House |
| 23:11 | Build | House |
| 23:21 | Research | Castle Age |
| 23:21 | Research | Castle Age |
| 23:31 | Build | Watch Tower |
| 24:21 | Queue | Skirmisher |
| 24:23 | Queue | Skirmisher |
| 24:25 | Research | Horse Collar |
| 24:25 | Research | Horse Collar |
| 24:36 | Build | Palisade Wall |
| 24:49 | Queue | Skirmisher |
| 24:50 | Queue | Skirmisher |
| 25:14 | Queue | Skirmisher |
| 25:15 | Queue | Skirmisher |
| 25:24 | Build | House |
Build order — Jeremy24k
First 150 of 503 actions detected
| 0:01 | Queue | Villager (Male) |
| 0:01 | Queue | Villager (Male) |
| 0:02 | Queue | Villager (Male) |
| 0:02 | Queue | Villager (Male) |
| 0:02 | Queue | Villager (Male) |
| 0:02 | Queue | Villager (Male) |
| 0:04 | Build | House |
| 0:05 | Build | House |
| 1:25 | Queue | Villager (Male) |
| 1:25 | Queue | Villager (Male) |
| 1:51 | Queue | Villager (Male) |
| 1:51 | Queue | Villager (Male) |
| 1:51 | Queue | Villager (Male) |
| 1:53 | Build | Lumber Camp |
| 2:26 | Queue | Villager (Male) |
| 2:26 | Queue | Villager (Male) |
| 3:02 | Queue | Villager (Male) |
| 3:02 | Queue | Villager (Male) |
| 3:02 | Queue | Villager (Male) |
| 3:02 | Queue | Villager (Male) |
| 3:37 | Build | House |
| 3:39 | Build | House |
| 3:44 | Queue | Villager (Male) |
| 3:44 | Queue | Villager (Male) |
| 3:44 | Queue | Villager (Male) |
| 4:02 | Queue | Villager (Male) |
| 4:02 | Queue | Villager (Male) |
| 4:02 | Queue | Villager (Male) |
| 4:15 | Queue | Villager (Male) |
| 4:49 | Queue | Villager (Male) |
| 4:51 | Queue | Villager (Male) |
| 4:51 | Queue | Villager (Male) |
| 5:34 | Build | Barracks |
| 5:42 | Build | Mill |
| 6:02 | Research | Loom |
| 6:57 | Research | Feudal Age |
| 6:58 | Research | Feudal Age |
| 6:58 | Research | Feudal Age |
| 7:04 | Build | Mining Camp |
| 7:39 | Queue | Militia |
| 7:50 | Queue | Militia |
| 7:50 | Queue | Militia |
| 7:55 | Queue | Militia |
| 8:41 | Build | House |
| 9:07 | Age | Feudal Age |
| 9:10 | Research | Man-at-Arms (upgrade) |
| 9:13 | Build | Archery Range |
| 9:30 | Queue | Villager (Male) |
| 9:31 | Research | Double-Bit Axe |
| 9:33 | Queue | Villager (Male) |
| 10:00 | Queue | Villager (Male) |
| 10:08 | Build | Palisade Wall |
| 10:10 | Build | Palisade Wall |
| 10:18 | Queue | Archer |
| 10:19 | Build | House |
| 10:37 | Queue | Villager (Male) |
| 10:40 | Queue | Spearman |
| 10:52 | Queue | Villager (Male) |
| 11:19 | Queue | Villager (Male) |
| 11:39 | Queue | Villager (Male) |
| 11:41 | Queue | Archer |
| 11:51 | Build | Blacksmith |
| 11:57 | Build | House |
| 12:02 | Build | Palisade Wall |
| 12:04 | Queue | Villager (Male) |
| 12:25 | Queue | Villager (Male) |
| 12:37 | Queue | Archer |
| 12:40 | Build | House |
| 12:43 | Build | Farm |
| 12:47 | Build | Farm |
| 12:48 | Build | Farm |
| 13:01 | Queue | Villager (Male) |
| 13:02 | Queue | Archer |
| 13:07 | Queue | Spearman |
| 13:14 | Build | Farm |
| 13:16 | Build | Farm |
| 13:21 | Queue | Villager (Male) |
| 13:32 | Queue | Villager (Male) |
| 13:37 | Build | House |
| 13:38 | Build | Palisade Wall |
| 13:42 | Build | Palisade Wall |
| 13:49 | Research | Fletching |
| 13:56 | Queue | Villager (Male) |
| 14:29 | Queue | Villager (Male) |
| 14:34 | Queue | Archer |
| 14:34 | Queue | Villager (Male) |
| 14:46 | Queue | Villager (Male) |
| 14:46 | Queue | Villager (Male) |
| 14:46 | Queue | Villager (Male) |
| 15:10 | Queue | Villager (Male) |
| 15:11 | Queue | Archer |
| 15:12 | Queue | Archer |
| 15:17 | Build | Farm |
| 15:18 | Build | Farm |
| 15:20 | Build | Farm |
| 15:22 | Build | Farm |
| 15:24 | Build | Farm |
| 15:26 | Build | Farm |
| 15:46 | Queue | Militia |
| 15:46 | Queue | Militia |
| 16:02 | Build | House |
| 16:08 | Build | Farm |
| 16:09 | Build | Farm |
| 16:12 | Build | Farm |
| 16:24 | Queue | Militia |
| 16:24 | Queue | Archer |
| 16:30 | Queue | Archer |
| 16:30 | Queue | Archer |
| 16:31 | Queue | Archer |
| 16:40 | Queue | Villager (Male) |
| 16:57 | Build | Farm |
| 17:01 | Build | Farm |
| 17:01 | Build | Farm |
| 17:02 | Build | Farm |
| 17:15 | Queue | Villager (Male) |
| 17:45 | Build | Market |
| 18:30 | Build | Archery Range |
| 18:43 | Build | House |
| 18:45 | Build | House |
| 18:52 | Research | Castle Age |
| 18:53 | Research | Castle Age |
| 19:13 | Queue | Archer |
| 19:13 | Queue | Archer |
| 19:20 | Queue | Archer |
| 19:24 | Research | Gold Mining |
| 19:38 | Build | House |
| 19:41 | Build | House |
| 19:57 | Queue | Archer |
| 19:57 | Queue | Archer |
| 19:57 | Queue | Archer |
| 20:28 | Queue | Archer |
| 20:28 | Queue | Archer |
| 21:14 | Build | House |
| 21:19 | Build | House |
| 21:21 | Build | House |
| 21:27 | Queue | Archer |
| 21:32 | Age | Castle Age |
| 21:35 | Research | Crossbowman (upgrade) |
| 21:39 | Research | Bodkin Arrow |
| 21:39 | Research | Bodkin Arrow |
| 21:52 | Queue | Archer |
| 21:52 | Queue | Archer |
| 22:07 | Queue | Villager (Male) |
| 22:17 | Build | House |
| 22:38 | Queue | Villager (Male) |
| 22:39 | Queue | Archer |
| 22:40 | Queue | Archer |
| 22:40 | Queue | Archer |
| 22:43 | Queue | Villager (Male) |
| 22:59 | Build | Town Center |
Match timeline
| 5:34 | Jeremy24k · first_building Barracks |
| 5:40 | baoquanghuy1605 · first_building Barracks |
| 7:58 | baoquanghuy1605 · wall_segment Palisade Wall x1 |
| 8:45 | baoquanghuy1605 · wall_segment Palisade Wall x1 |
| 8:46 | baoquanghuy1605 · wall_segment Palisade Wall x2 |
| 9:07 | Jeremy24k · age_up feudal |
| 9:12 | baoquanghuy1605 · age_up feudal |
| 9:13 | Jeremy24k · first_building Archery Range |
| 9:22 | baoquanghuy1605 · first_building Stable |
| 10:07 | baoquanghuy1605 · wall_segment Palisade Wall x1 |
| 10:08 | Jeremy24k · wall_segment Palisade Wall x9 |
| 10:10 | Jeremy24k · wall_segment Palisade Wall x3 |
| 10:44 | baoquanghuy1605 · wall_segment Palisade Wall x2 |
| 10:44 | baoquanghuy1605 · wall_segment Palisade Wall x1 |
| 11:46 | baoquanghuy1605 · first_building Archery Range |
| 12:02 | Jeremy24k · wall_segment Palisade Wall x5 |
| 13:38 | Jeremy24k · wall_segment Palisade Wall x9 |
| 13:42 | Jeremy24k · wall_segment Palisade Wall x4 |
| 18:48 | baoquanghuy1605 · wall_segment Palisade Wall x1 |
| 18:48 | baoquanghuy1605 · wall_segment Palisade Wall x1 |
| 18:49 | baoquanghuy1605 · wall_segment Palisade Wall x1 |
| 18:50 | baoquanghuy1605 · wall_segment Palisade Wall x1 |
| 18:51 | baoquanghuy1605 · wall_segment Palisade Wall x1 |
| 19:04 | baoquanghuy1605 · wall_segment Palisade Wall x1 |
| 21:32 | Jeremy24k · age_up castle |
| 22:51 | Jeremy24k · first_market_buy 100 wood |
| 23:02 | baoquanghuy1605 · first_market_buy 100 food |
| 23:15 | baoquanghuy1605 · first_market_sell 100 wood |
| 24:36 | baoquanghuy1605 · wall_segment Palisade Wall x1 |
| 26:01 | baoquanghuy1605 · age_up castle |
| 26:21 | Jeremy24k · wall_segment Palisade Wall x1 |
| 26:27 | Jeremy24k · wall_segment Palisade Wall x1 |
| 33:27 | Jeremy24k · first_market_sell 100 food |
| 35:34 | Jeremy24k · first_building Stable |
| 38:14 | Jeremy24k · first_building Monastery |
| 38:58 | baoquanghuy1605 · wall_segment Palisade Wall x1 |
| 39:01 | baoquanghuy1605 · wall_segment Palisade Wall x1 |
| 40:36 | baoquanghuy1605 · first_building Monastery |
| 41:41 | Jeremy24k · first_building Castle |
| 42:02 | baoquanghuy1605 · first_building Siege Workshop |
| 44:41 | baoquanghuy1605 · age_up imperial |
| 46:40 | Jeremy24k · age_up imperial |
| 49:08 | baoquanghuy1605 · resign |
[ AI ANALYSIS · 1 CREDIT ]
What really happened in this match?
Wolo.gg analyzes every decision: build order, eco, micro, common mistakes by bracket. Personalized analysis on WhatsApp or Discord in 30 seconds.
Civ guide
Turks
Perfil
baoquanghuy1605